 Dungeon Crawl Stone Soup version 0.30-a0-1016-gfb0d676c02 (webtiles) character file.

Game seed: 13784070634444480567

15102 freelancePsychic the Fighter (level 11, 0/117 HPs)
             Began as a Troll Wanderer on Apr 6, 2023.
             Was a High Priest of Okawaru.
             Succumbed to poison (poison gas)
             ... in a Gauntlet.
             The game lasted 00:23:11 (9123 turns).

freelancePsychic the Fighter (Troll Wanderer)       Turns: 9123, Time: 00:23:11

Health: 0/117      AC: 12    Str: 23    XL:     11   Next: 97%
Magic:  7/15       EV: 13    Int:  6    God:    Okawaru [*****.]
Gold:   518        SH:  0    Dex: 14    Spells: 10/10 levels left

rFire   + . .      SeeInvis +      - Unarmed
rCold   + . .      Faith    +    (no shield)
rNeg    + . .      Spirit   .    F - +2 troll leather armour
rPois   .          Reflect  .    w - +2 hat
rElec   .          Rampage  .    P - scarf {rC+ rF+}
rCorr   .          NoTele   +    (gloves unavailable)
Will    .....                    (boots unavailable)
Stlth   +++                      g - amulet of faith
HPRegen 1.99/turn                f - ring of see invisible
MPRegen 0.14/turn                G - ring of positive energy

@: lethally poisoned (0 -> -31), heroic, finesse-ful, hasted, very quick
A: large, unfitting armour, claws 3, regeneration 1, shaggy fur 1, tough skin 1
a: Renounce Religion, Heroism, Finesse, Duel


You were in a Gauntlet.
You worshipped Okawaru.
Okawaru was extremely pleased with you.
You visited 2 branches of the dungeon, and saw 11 of its levels.
You also visited: Gauntlet.

You collected 518 gold pieces.

Inventory:

Missiles
 j - 4 large rocks (quivered)
 o - a throwing net
 x - 4 silver boomerangs
 A - 9 silver javelins
 D - 3 boomerangs
 E - 6 poisoned darts
 J - 4 javelins
 R - a curare-tipped dart
Armour
 c - a +0 cloak
 e - a +0 robe
 w - a +2 hat (worn)
 F - a +2 troll leather armour (worn)
 P - a scarf of resistance (worn)
Jewellery
 f - a ring of see invisible (left claw)
 g - an amulet of faith (around neck)
 i - an amulet of guardian spirit
 q - a ring of wizardry
 s - a +6 ring of strength
 u - an amulet of magic regeneration
 C - a ring of positive energy
 G - a ring of positive energy (right claw)
Wands
 y - a wand of roots (7)
 N - a wand of mindburst (18)
 Q - a wand of polymorph (4)
Scrolls
 b - 4 scrolls of fog
 d - a scroll of blinking
 h - 4 scrolls of vulnerability
 k - a scroll of enchant armour
 m - 4 scrolls of immolation
 n - a scroll of butterflies
 p - 6 scrolls of magic mapping
 L - a scroll of fear
Potions
 a - 3 potions of curing {@q1}
 l - 2 potions of flight
 t - a potion of cancellation
 v - 5 potions of heal wounds {unknown}
 z - 3 potions of might {unknown}
 B - 3 potions of magic {unknown}
 I - a potion of ambrosia {unknown}
 K - a potion of mutation {unknown}
 M - a potion of invisibility {unknown}
 O - a potion of berserk rage {unknown}


   Skills:
 + Level 10.1(15.1) Fighting
 - Level 4.1(9.1) Long Blades
 - Level 7.7(12.7) Throwing
 + Level 6.2(11.2) Armour
 - Level 3.5(8.5) Dodging
 - Level 1.3(6.3) Stealth
 - Level 6.0(11.0) Unarmed Combat
 - Level 7.1 Invocations


You had 10 spell levels left.
You didn't know any spells.
Your spell library contained the following spells:

 Spells                   Type           Power      Damage    Failure   Level
 Freeze                   Ice            0%         1d3       50%         1
 Scorch                   Fire           0%         2d5       63%         2
 Frozen Ramparts          Ice            0%         1d1       86%         3
 Hailstorm                Conj/Ice       0%         3d3       86%         3
 Inner Flame              Hex/Fire       0%         N/A       86%         3
 Ozocubu's Armour         Ice            0%         N/A       86%         3
 Portal Projectile        Hex/Tloc       0%         N/A       86%         3
 Vhi's Electric Charge    Tloc/Air       0%         N/A       86%         3
 Flame Wave               Conj/Fire      0%         2d4       99%         4
 Arcjolt                  Conj/Air       0%         1d10      100%        5
 Blade Hands              Tmut           0%         N/A       100%        5
 Yara's Violent Unravell  Hex/Tmut       0%         3d3       100%        5
 Plasma Beam              Fire/Air       0%         2x1d11    100%        6
 Enfeeble                 Hex            0%         N/A       100%        7
 Orb of Destruction       Conj           0%         9d5       100%        7
 Ozocubu's Refrigeration  Ice            0%         4d7       100%        7
 Summon Guardian Golem    Hex/Summ       Unusable   N/A       N/A         3
 Tukima's Dance           Hex            Unusable   N/A       N/A         3
 Summon Cactus Giant      Summ           Unusable   N/A       N/A         6
 Spellforged Servitor     Conj/Summ      Unusable   N/A       N/A         7

Dungeon Overview and Level Annotations

Branches:
Dungeon (10/15)            Temple (0/1) D:6            Lair (1/5) D:9
    Orc (0/2) D:9         Gauntlet (1/1)

Altars:
Ashenzari
Makhleb
Okawaru
Sif Muna
Xom

Shops:
D:4 :

Annotations:
Gauntlet 5 transporters


Innate Abilities, Weirdness & Mutations

You are too large for most types of armour.
You have claws for hands.
Your natural rate of healing is unusually fast.
You are covered in fur. (AC +1)
You have tough skin. (AC +1)


Message History

The green death hits you!
* * * LOW HITPOINT WARNING * * *
The orange demon is engulfed in poison gas.
The orange demon is poisoned.
Blink to where?
Press: ? - help, Dir - move target, p - green death
As you read the scroll of blinking, it crumbles to dust.
You feel sick. The green death gestures at you.
The blast of poison engulfs you!
You are more poisoned.
* * * LOW HITPOINT WARNING * * *
Press: ? - help, v - describe, . - travel, g - get item Item here: the ring of Cafuhoen {rF+ Will+ Str+3 Slay+4}.
The floor.
There is a cloud of poison gas here.
You feel better.
You are engulfed in poison gas.
You are poisoned.
* * * LOW HITPOINT WARNING * * *
You feel very sick.
Okay, then.
Throw: 6 large rocks
Press: ? - help, Q - select action, (/) - cycle Shift-Dir - straight line, f - green death
Aim: a green death (poison gas, heavily wounded, 79% to hit)
You throw a large rock. The large rock hits the green death!!
The green death is almost dead.
You are engulfed in poison gas.
You are lethally poisoned!
* * * LOW HITPOINT WARNING * * *
You feel very sick.
Throw: 5 large rocks
Press: ? - help, Q - select action, (/) - cycle Shift-Dir - straight line, f/p - green death
Aim: a green death (poison gas, almost dead, 79% to hit)
You throw a large rock. The large rock hits the green death!!!
You kill the green death!
Okawaru is honoured by your kill.
You are engulfed in poison gas.
You are more poisoned.
* * * LOW HITPOINT WARNING * * *
You die...

## ### ### ##
##≈###≈###≈###≈##
#≈≈≈#≈≈≈#≈≈≈#≈≈≈#
#≈...........≈#
##...........##
##≈...........≈##
#≈≈.#########.≈≈#
##≈.#§○@☼°.°#.≈##
##.#☼○○☼(°°#.##
##≈.#☼#####4#.≈##
#≈≈.#...©°°°#.≈≈#
##≈.#.#####4#.≈##
##.#.....○○#.##
##≈.#......4#.≈##
#≈≈.#########.≈≈#
##≈.#8..©#....≈##


You could see an orange demon (very poisoned).

Vanquished Creatures
  A green death (Gauntlet)
  A hell hog (Gauntlet)
  A death yak (D:10)
  A two-headed ogre (D:9)
  Nergalle (D:10)
  A deep elf pyromancer (D:7)
  Pikel (D:5)
  An ugly thing (D:7)
  Maurice (D:10)
  4 molten gargoyles (D:10)
  An unseen horror (D:10)
  A rime drake (D:9)
  A kobold demonologist (D:6)
  A polar bear (D:10)
  A queen bee (Gauntlet)
  2 hornets
  Sigmund (D:5)
  2 centaur simulacra (D:10)
  A shadow (D:10)
  A vampire (D:9)
  10 yaks
  3 fire bats (Gauntlet)
  A wyvern (D:8)
  A wraith (D:9)
  A steam dragon (D:8)
  5 water moccasins
  10 ice beasts
  An orc warrior (D:8)
  3 black bears
  A meliai simulacrum (D:10)
  6 centaurs
  4 ogres
  3 wolves
  A lemure (D:5)
  2 phantoms
  2 kobold brigands (D:7)
  2 bullfrogs
  5 scorpions
  24 killer bees
  2 jellies
  A howler monkey (D:8)
  An electric eel (D:10)
  5 hounds
  A lava snake (D:10)
  An orc priest (D:4)
  4 iguanas
  2 sleepcaps
  4 orc wizards
  Robin (D:4)
  3 gnolls (D:4)
  7 adders
  6 white imps
  3 ufetubi
  3 worms
  2 dart slugs
  23 orcs
  6 ball pythons
  5 endoplasms
  3 giant cockroaches
  21 goblins
  9 hobgoblins
  4 jackals (D:3)
  8 kobolds
  A quokka (D:2)
  5 bats
  7 frilled lizards
  2 rats (D:2)
250 creatures vanquished.

Vanquished Creatures (others)
  A demonic plant (Gauntlet)
  A plant (Gauntlet)
2 creatures vanquished.

Grand Total: 252 creatures vanquished

Notes
Turn   | Place    | Note
-------+----------+-------------------------------------------
     0 | D:1      | freelancePsychic the Troll Wanderer began the quest for the
                  | Orb.
     0 | D:1      | freelancePsychic set off with the following items: a +0
                  | long sword, a scroll of fog, a +0 cloak, a scroll of
                  | blinking, a +0 robe.
     0 | D:1      | Reached XP level 1. HP: 19/19 MP: 0/0
   130 | D:1      | Found a faded altar of an unknown god.
   173 | D:1      | Reached XP level 2. HP: 27/27 MP: 1/1
   726 | D:2      | Reached XP level 3. HP: 33/33 MP: 2/2
  1422 | D:3      | Reached skill level 1 in Throwing
  1441 | D:3      | Found an iron altar of Okawaru.
  1459 | D:3      | Reached XP level 4. HP: 41/42 MP: 3/3
  1461 | D:3      | Became a worshipper of Warmaster Okawaru
  1666 | D:3      | Found a shimmering blue altar of Sif Muna.
  1796 | D:3      | You fall into a shaft and drop 2 floors!
  1796 | D:5      | Entered Level 5 of the Dungeon
  1809 | D:5      | Noticed Sigmund
  1918 | D:5      | Noticed Pikel
  1918 | D:5      | Noticed a lemure
  1919 | D:5      | Noticed a lemure
  1920 | D:5      | Noticed a lemure
  1928 | D:5      | Killed a lemure
  1936 | D:5      | Killed Pikel
  1936 | D:5      | Reached * piety under Okawaru
  1937 | D:5      | Reached skill level 3 in Fighting
  1937 | D:5      | Reached XP level 5. HP: 53/53 MP: 3/5
  1937 | D:5      | Reached XP level 6. HP: 61/61 MP: 3/6
  1937 | D:5      | Reached XP level 7. HP: 67/67 MP: 3/7
  2048 | D:5      | Killed Sigmund
  2048 | D:5      | Reached ** piety under Okawaru
  2213 | D:4      | Reached skill level 4 in Fighting
  2406 | D:4      | Reached XP level 8. HP: 48/79 MP: 10/10
  2560 | D:4      | Found Wil Leag's Book Shop.
  2811 | D:4      | Noticed Robin
  2829 | D:4      | Killed Robin
  3031 | D:4      | Found a broken altar of Ashenzari.
  3033 | D:4      | Found a shimmering altar of Xom.
  3035 | D:4      | Found a burning altar of Makhleb.
  3456 | D:5      | Reached *** piety under Okawaru
  3457 | D:5      | Reached skill level 5 in Invocations
  3460 | D:5      | Reached skill level 5 in Fighting
  3566 | D:5      | Received a gift from Okawaru
  3744 | D:5      | Reached skill level 6 in Fighting
  3799 | D:5      | Received a gift from Okawaru
  3803 | D:5      | Reached XP level 9. HP: 72/89 MP: 12/12
  3909 | D:5      | Reached **** piety under Okawaru
  4780 | D:6      | Found a staircase to the Ecumenical Temple.
  5065 | D:7      | Reached skill level 7 in Fighting
  5065 | D:7      | Reached skill level 1 in Dodging
  5081 | D:7      | Noticed a kobold demonologist
  5091 | D:7      | Noticed a red devil
  5093 | D:7      | Noticed a rust devil
  5113 | D:7      | Noticed a red devil
  5182 | D:7      | Noticed a hellwing
  5188 | D:6      | Killed a kobold demonologist
  5343 | D:7      | Reached skill level 5 in Throwing
  5431 | D:7      | Noticed a cyan ugly thing
  5433 | D:7      | Reached ***** piety under Okawaru
  5443 | D:7      | Noticed a deep elf pyromancer
  5444 | D:7      | Killed a cyan ugly thing
  5445 | D:7      | Reached XP level 10. HP: 19/104 MP: 7/14
  5445 | D:7      | Killed a deep elf pyromancer
  6306 | D:8      | Reached skill level 8 in Fighting
  6309 | D:8      | Reached skill level 1 in Armour
  6361 | D:8      | Received a gift from Okawaru
  7148 | D:9      | Received a gift from Okawaru
  7173 | D:10     | Entered Level 10 of the Dungeon
  7213 | D:10     | Noticed a two-headed ogre
  7275 | D:9      | Noticed a two-headed ogre
  7277 | D:9      | Killed a two-headed ogre
  7277 | D:9      | Received a gift from Okawaru
  7279 | D:9      | Found a staircase to the Lair.
  7343 | D:9      | Reached XP level 11. HP: 113/113 MP: 15/15
  7420 | D:9      | Found a staircase to the Orcish Mines.
  7494 | D:9      | Reached skill level 9 in Fighting
  7774 | D:10     | Received a gift from Okawaru
  7786 | D:10     | Noticed Nergalle
  7898 | D:10     | Received a gift from Okawaru
  8098 | D:10     | Received a gift from Okawaru
  8099 | D:10     | Reached skill level 5 in Armour
  8100 | D:10     | Noticed Maurice
  8114 | D:10     | Killed Maurice
  8167 | D:10     | Reached skill level 5 in Unarmed Combat
  8371 | D:10     | Killed Nergalle
  8378 | D:10     | Paralysed by a hornet for 1 turns
  8460 | D:10     | Noticed a death yak
  8468 | D:10     | Killed a death yak
  8852 | Lair:1   | Entered Level 1 of the Lair of Beasts
  8852 | Lair:1   | Found a gate leading to a gauntlet.
  8861 | Gauntlet | Entered a Gauntlet
  8861 | Gauntlet | Found a transporter.
  8870 | Gauntlet | Found a transporter.
  8873 | Gauntlet | Found a transporter.
  8874 | Gauntlet | Found a transporter.
  8882 | Gauntlet | Found a transporter.
  8885 | Gauntlet | Found a transporter.
  8886 | Gauntlet | Found a transporter.
  8888 | Gauntlet | Noticed a wizard
  8898 | Gauntlet | Found a transporter.
  8899 | Gauntlet | Found a transporter.
  8899 | Gauntlet | Found a transporter.
  8907 | Gauntlet | Found a transporter.
  8909 | Gauntlet | Noticed a hell hog
  8910 | Gauntlet | Found a transporter.
  8911 | Gauntlet | Found a transporter.
  8915 | Gauntlet | Noticed a green death
  8922 | Gauntlet | Found a transporter.
  9038 | Gauntlet | Reached skill level 10 in Fighting
  9079 | Gauntlet | Killed a hell hog
  9120 | Gauntlet | Identified the ring of Cafuhoen {rF+ Will+ Str+3 Slay+4}
  9123 | Gauntlet | Killed a green death
  9123 | Gauntlet | HP: 5/117 [something (4)]
  9123 | Gauntlet | Succumbed to poison (poison gas)

Illustrated notes

Levels and vault maps discovered:
D:1:      mrwooster_arrival_arrow, layout_basic,
          chequers_ecumenical_altar_simple_redux
D:2:      layout_loops_ring, chequers_serial_rivers_marsh, grunt_ministairs_6,
          kennysheep_cluttered_room, kennysheep_another_room
D:3:      layout_rooms, mainiacjoe_overflow_alcove_2, overflow_temple_1_default,
          kennysheep_nondescript
D:4:      layout_basic, grunt_temple_overflow_diamond, serial_shops,
          nicolae_stop_n_shop_1, uniq_robin
D:5:      minmay_spotlight, layout_basic, grunt_ministairs_11, uniq_pikel,
          uniq_sigmund
D:6:      layout_cave_pods, minmay_temple_entry_crystal_x,
          amcnicky_mini_pool_small, dreamdust_princess_corridor
D:7:      nzn_winding_woodlands_three_and_one
          [nzn_winding_woodlands_5x15_river_crossing,
          nzn_winding_woodlands_5x15_sawtooth,
          nzn_winding_woodlands_5x15_crooked,
          nzn_winding_woodlands_center_diamonds], layout_basic,
          grunt_decor_mini_mirrors
D:8:      layout_basic
D:9:      layout_cave_pools, hellmonk_lair_entry_icy, orc_0_dummy,
          minmay_strange_pillars
D:10:     layout_roguey, serial_ice, serial_ice_a, serial_ice_n, serial_ice_k,
          serial_ice_c, serial_ice_m, serial_ice_f, minivault_8, uniq_nergalle,
          uniq_maurice
Lair:1:   layout_loops_ring, gauntlet_entry_generic, grunt_megastairs_5,
          infiniplex_staircase_pool_2
Gauntlet: gammafunk_gauntlet_77_escape_option
          [minmay_gauntlet_arena_77_broken_ladder,
          minmay_gauntlet_arena_77_museum, minmay_gauntlet_arena_77_braids,
          minmay_gauntlet_arena_77_two_paths,
          minmay_gauntlet_arena_77_chump_sandwich,
          nicolae_gauntlet_exit_dead_adventurers]

Skill      XL: |  1  2  3  4  5  6  7  8  9 10 11 |
---------------+----------------------------------+-----
Unarmed Combat | 3 6 |  6.0
Throwing       | 1 4 5 7 |  7.7
Fighting       | 3 4 6 7 8 10 | 10.1
Invocations    | 2 4 6 7 |  7.1
Dodging        | 3 |  3.5
Armour         | 3 6 |  6.2
Long Blades    | |  4.1
Stealth        | |  1.3

Action                     |  1- 3 |  4- 6 |  7- 9 | 10-12 || total
---------------------------+-------+-------+-------+-------++-------
  Melee: Unarmed           |   100 |    37 |   298 |   319 ||   754
         Punch             |     3 |     1 |     7 |     7 ||    18
  Throw: Large rock        |       |     1 |    24 |    42 ||    67
         Boomerang         |       |       |       |   105 ||   105
         Javelin           |       |       |       |     4 ||     4
         Dart              |       |       |       |     3 ||     3
 Invoke: Heroism           |       |       |     4 |    10 ||    14
         Finesse           |       |       |     1 |     3 ||     4
    Use: Scroll            |     4 |     1 |     5 |     9 ||    19
         Potion            |       |     1 |     4 |     9 ||    14
   Stab: Sleeping          |     6 |       |     4 |       ||    10
         Distracted        |       |       |     1 |       ||     1
 Armour: Robe              |    36 |     4 |   118 |     1 ||   159
         Skin              |       |     9 |       |    58 ||    67
         Troll leather arm |       |       |       |   194 ||   194
  Dodge: Dodged            |    41 |    15 |   164 |   256 ||   476

Table legend: (Time is in decaauts)
 A = Elapsed time spent in this place.
 B = Non-inter-level travel time spent in this place.
 C = Inter-level travel time spent in this place.
 D = Time resting spent in this place.
 E = Time spent auto-exploring this place.
 F = Levels seen in this place.
 G = Mean time per level.
                   A        B        C        D        E       F      G
               +--------+--------+--------+--------+--------+-----+--------+
         Total |   9053 |   8595 |    458 |    152 |   6564 |  12 |  754.4 |
       Dungeon |   8822 |   8364 |    458 |    152 |   6444 |  10 |  882.2 |
          Lair |      8 |      8 |      0 |      0 |      0 |   1 |    8.0 |
      Gauntlet |    222 |    222 |      0 |      0 |    120 |   1 |  222.0 |
               +--------+--------+--------+--------+--------+-----+--------+

Top non-repeatable levels by time:
     D:7: 1209 daAuts
     D:5: 1133 daAuts
     D:4: 1055 daAuts
    D:10: 1042 daAuts
     D:9: 889 daAuts
     D:6: 849 daAuts
     D:2: 740 daAuts
     D:1: 668 daAuts
     D:8: 651 daAuts
     D:3: 581 daAuts
Gauntlet: 222 daAuts
  Lair:1: 8 daAuts
